 Dungeon Crawl Stone Soup version 0.21-a0-50-g941c862 (webtiles) character file.

1356 KristoblXynda the Charmwright (level 8, -5/91 HPs)
             Began as a Black Draconian Skald on June 11, 2017.
             Slain by Blork the orc
             ... wielding a cursed +0 glaive
              (6 damage)
             ... on level 6 of the Dungeon.
             The game lasted 00:17:52 (5942 turns).

KristoblXynda the Charmwright (DrSk)                Turns: 5942, Time: 00:17:54

Health: -5/91      AC: 24    Str: 15    XL:     8   Next: 37%
Magic:  5/11       EV:  2    Int: 17    God:
Gold:   298        SH:  4    Dex: 12    Spells: 7/11 levels left

rFire    . . .     SeeInvis +   d - +2 short sword (venom)
rCold    . . .     Gourm    .   c - +0 buckler
rNeg     + + +     Faith    .   (armour unavailable)
rPois    +         Spirit   .   (helmet currently unavailable)
rElec    .         Reflect  .   (cloak currently unavailable)
rCorr    .         Harm     .   (gloves currently unavailable)
MR       .....     NoTele   +   (boots currently unavailable)
Stlth    ++........             (no amulet)
Regen    0.3/turn               l - +2 ring of dexterity
MPRegen  0.2/turn               f - ring of see invisible

@: short of breath, tree-form, very slightly contaminated
A: (breathe lightning), unfitting armour, clever 1, AC +6
a: no special abilities


You were on level 6 of the Dungeon.
You were very hungry.
You were a tree.
You visited 1 branch of the dungeon, and saw 6 of its levels.

You collected 298 gold pieces.

Inventory:

Hand Weapons
 d - a +2 short sword of venom (weapon)
 o - a +1 dagger of pain
Armour
 c - a +0 buckler (worn)
Jewellery
 f - a ring of see invisible (right branch)
 l - a +2 ring of dexterity (left branch)
 t - an uncursed ring of protection from cold {unknown}
Wands
 j - a wand of enslavement (21/24)
 m - a wand of disintegration (8/24)
 s - a wand of paralysis (6/24)
Scrolls
 e - a scroll of recharging
 g - a scroll of amnesia
 k - a scroll of teleportation
 n - 3 scrolls of remove curse
Potions
 h - 3 potions of agility
 i - a potion of haste
 p - 2 potions of mutation
Books
 a - a book of Battle

   Spells                             Type                      Level
   a - Infusion                       Charms                       1
   b - Shroud of Golubria             Charms/Translocation         2
   c - Song of Slaying                Charms                       2
   d - Spectral Weapon                Hexes/Charms                 3
   e - Regeneration                   Charms/Necromancy            3
Comestibles
 b - 4 bread rations
 r - 2 meat rations


   Skills:
 - Level 2.1 Fighting
 + Level 4.9 Short Blades
 - Level 5.0 Dodging
 + Level 3.3 Stealth
 + Level 3.2 Shields
 - Level 3.0 Unarmed Combat
 - Level 2.0 Spellcasting
 - Level 5.1 Charms


You had 7 spell levels left.
You knew the following spells:

 Your Spells              Type           Power        Failure   Level  Hunger
a - Infusion              Chrm           ###.         2%          1    #......
b - Regeneration          Chrm/Necr      ##........   22%         3    ###....


Dungeon Overview and Level Annotations

Branches:
Dungeon (6/15)
 Temple: D:4-7

Altars:
Gozag
Uskayaw
Vehumet
Xom

Shops:
D:3 *

Annotations:
D:6 Blork the orc


Innate Abilities, Weirdness & Mutations

((You can breathe wild blasts of lightning.))
((Your glossy black scales are hard. (AC +6)))
You cannot fit into any form of body armour.
((You are resistant to electric shocks. (rElec)))
((You are cold-blooded and may be slowed by cold attacks.))
((Your large and strong wings let you fly indefinitely.))
Your mind is acute. (Int +2)
((Your system is resistant to poisons. (rPois)))


Message History

Blork the orc hits you but does no damage.
The water moccasin zombie barely misses you.
Unknown command.
Unknown command.
You puncture the water moccasin zombie!
The water moccasin zombie is lightly damaged.
Blork the orc hits you from afar with a glaive.
* * * LOW HITPOINT WARNING * * *
The water moccasin zombie bites you but does no damage.
Unknown command.
Casting: Regeneration
Confirm with . or Enter, or press ? or * to list all spells.
You miscast Regeneration.
You sense a malignant aura.
Blork the orc miscasts a cantrip.
The water moccasin zombie bites you but does no damage.
Unknown command.
You hit the water moccasin zombie.
The water moccasin zombie is moderately damaged.
Blork the orc hits you from afar with a glaive.
You die...

### ##.###
##o...## .
##Z.....## #
#♣###....#
### ##...##
##...# #<..#
####
##...####...
#..........
##.........
.........
#........


You could see Blork the orc (invisible) and a water moccasin zombie.

Vanquished Creatures
  Duvessa (D:4)
  A necrophage (D:5)
  A phantom (D:3)
  3 ogres (D:5)
  2 elf zombies (D:4)
  A bullfrog (D:6)
  An elf skeleton (D:4)
  5 crimson imps
  A bullfrog zombie (D:5)
  2 human skeletons (D:4)
  3 worker ants
  An iguana (D:5)
  4 gnolls
  7 adders
  4 oozes
  4 worms
  3 dart slugs
  4 leopard geckos
  An orc (D:3)
  2 ball pythons (D:1)
  4 bats
  4 giant cockroaches
  2 goblins (D:1)
  3 hobgoblins
  12 jackals
  2 quokkas
  6 frilled lizards
  8 kobolds
  A leopard gecko skeleton (D:4)
  An orc skeleton (D:4)
  5 rats
99 creatures vanquished.

Vanquished Creatures (collateral kills)
  Dowan (D:4)
1 creature vanquished.

Grand Total: 100 creatures vanquished

Notes
Turn   | Place    | Note
-------+----------+-------------------------------------------
     0 | D:1      | KristoblXynda the Draconian Skald began the quest for the Orb.
     0 | D:1      | Reached XP level 1. HP: 17/17 MP: 3/3
   133 | D:1      | Reached XP level 2. HP: 6/24 MP: 5/5
  1165 | D:1      | Reached XP level 3. HP: 28/29 MP: 6/6
  1706 | D:1      | Reached XP level 4. HP: 12/36 MP: 4/7
  1855 | D:1      | Learned a level 3 spell: Regeneration
  2714 | D:3      | Found a hide-covered altar of Uskayaw.
  2792 | D:3      | Found Gozag's Platinum Reserve.
  2811 | D:3      | Found an opulent altar of Gozag.
  2904 | D:3      | Noticed a phantom
  2956 | D:3      | Killed a phantom
  2956 | D:3      | Reached skill level 1 in Short Blades
  2956 | D:3      | Reached XP level 5. HP: 10/41 MP: 4/8
  3536 | D:4      | Found a shimmering altar of Xom.
  3585 | D:4      | Reached XP level 6. HP: 23/48 MP: 1/9
  3708 | D:4      | Noticed Duvessa
  3711 | D:4      | Noticed Dowan
  3722 | D:4      | Killed Dowan
  3744 | D:4      | Gained mutation: Your system is resistant to poisons. (rPois) [potion of mutation]
  3744 | D:4      | Gained mutation: Your large and strong wings let you fly indefinitely. [potion of mutation]
  3744 | D:4      | Gained mutation: Your mind is acute. (Int +2) [potion of mutation]
  3758 | D:4      | Killed Duvessa
  3986 | D:4      | Your scales start taking on a glossy black colour.
  3986 | D:4      | Reached XP level 7. HP: 50/55 MP: 10/10
  3986 | D:4      | Gained mutation: You are resistant to electric shocks. (rElec) [Black Draconian growth]
  4296 | D:4      | Reached skill level 5 in Charms
  4320 | D:4      | Reached skill level 5 in Dodging
  4871 | D:4      | Reached skill level 1 in Stealth
  4871 | D:4      | Reached skill level 1 in Shields
  4941 | D:4      | Found a radiant altar of Vehumet.
  5041 | D:5      | Entered Level 5 of the Dungeon
  5344 | D:5      | Reached XP level 8. HP: 42/61 MP: 11/11
  5887 | D:6      | Noticed Blork the orc
  5935 | D:6      | HP: 3/61 [water moccasin zombie (8)]
  5940 | D:6      | HP: 1/91 [Blork the orc/glaive (4)]
  5942 | D:6      | Slain by Blork the orc

Vault maps used:
D:1:      minmay_arrival_shattered_statue
D:3:      nicolae_gozag_zags_fifth_avenue, old_standard_altar,
          minmay_misc_feat_ornament
D:4:      nicolae_overflow_crystal_walls, nicolae_ossuary_entry_catacombs,
          led_xom_imps, uniq_duvessa
D:5:      first_bread
D:6:      cheibrodos_sewer_entry_sluice, uniq_blork_the_orc

Skill      XL: |  1  2  3  4  5  6  7  8 |
---------------+-------------------------+-----
Charms         | 3 4 5 |  5.1
Dodging        | 3 4 5 |  5.0
Unarmed Combat | 3 |  3.0
Short Blades   | 1 2 3 4 |  4.9
Stealth        | 2 3 |  3.3
Shields        | 2 3 |  3.2
Fighting       | |  2.1
Spellcasting   | |  2.0

Action                   |  1- 3 |  4- 6 |  7- 9 || total
-------------------------+-------+-------+-------++-------
Melee: Unarmed           |   129 |     4 |       ||   133
       Tailslap          |    14 |    34 |    26 ||    74
       Dagger            |    18 |   212 |       ||   230
       Punch             |     2 |       |     7 ||     9
       Short sword       |       |    10 |   225 ||   235
 Cast: Infusion          |     3 |     5 |     1 ||     9
       Regeneration      |       |       |     5 ||     5
 Abil: Breathe Lightning |       |       |     2 ||     2
Evoke: Wand              |       |     1 |     1 ||     2
  Use: Scroll            |       |    11 |     5 ||    16
       Potion            |       |     5 |     3 ||     8
 Stab: Sleeping          |       |       |     2 ||     2
  Eat: Chunk             |     2 |     4 |     3 ||     9
       Fruit             |       |     4 |     3 ||     7
       Royal jelly       |       |       |     1 ||     1
Armor: Skin              |    39 |    47 |    71 ||   157
Dodge: Dodged            |   121 |   116 |   175 ||   412
Block: Buckler           |       |       |     9 ||     9
